 Dungeon Crawl Stone Soup version 0.25-a0-668-gea548f1 (webtiles) character file.

Game seed: 225989888303325697, levelgen mode: deterministic

92 Faels the Cudgeler (level 4, 0/35 HPs)
             Began as a Demonspawn Fighter on Mar 28, 2020.
             Killed by divine providence
             ... invoked by an orc priest
              (14 damage)
             ... on level 3 of the Dungeon.
             The game lasted 00:05:56 (2752 turns).

Faels the Cudgeler (Demonspawn Fighter)             Turns: 2752, Time: 00:05:57

Health: 0/35       AC:  8    Str: 17    XL:     4   Next: 35%
Magic:  4/4        EV:  7    Int: 12    God:
Gold:   25         SH:  8    Dex: 13    Spells: 3/3 levels left

rFire    . . .     SeeInvis .   a - +0 flail
rCold    . . .     Gourm    .   c - +0 kite shield
rNeg     . . .     Faith    .   b - +0 scale mail
rPois    .         Spirit   .   (no helmet)
rElec    .         Reflect  .   (no cloak)
rCorr    .         Harm     .   (no gloves)
MR       .....                  (no boots)
Stlth    ..........             (no amulet)
HPRegen  0.11/turn              e - +3 ring of intelligence
MPRegen  0.09/turn              (no ring)

@: mighty
A: claws 2, thin metallic scales 1
a: no special abilities


You were on level 3 of the Dungeon.
You were not hungry.

You visited 1 branch of the dungeon, and saw 3 of its levels.

You collected 25 gold pieces.

Inventory:

Hand Weapons
 a - a +0 flail (weapon)
Armour
 b - a +0 scale mail (worn)
 c - a +0 kite shield (worn)
Jewellery
 e - a +3 ring of intelligence (left claw)
Scrolls
 i - a scroll of noise {unknown}
 j - a scroll of enchant weapon {unknown}
 k - 2 scrolls of teleportation {unknown}
 l - a scroll of fog {unknown}
Potions
 g - 2 potions of flight {unknown}
 h - 2 potions of curing {unknown}
 m - a potion of haste {unknown}
 o - a potion of ambrosia {unknown}
Comestibles
 f - 4 rations
 n - 11 chunks of flesh


   Skills:
 - Level 3.0 Fighting
 * Level 4.0 Maces & Flails
 - Level 2.6 Armour
 - Level 1.0 Dodging
 - Level 2.6 Shields


You had 3 spell levels left.
You didn't know any spells.
Your spell library was empty.

Dungeon Overview and Level Annotations

Branches:
Dungeon (3/15)

Altars:
Uskayaw
The Shining One


Innate Abilities, Weirdness & Mutations

You have very sharp fingernails.
You are partially covered in thin metallic scales. (AC +2)


Message History

You closely miss the hobgoblin. You block the hobgoblin's attack. x2
You closely miss the hobgoblin. You block the hobgoblin's attack.
You sock the hobgoblin!
You kill the hobgoblin!
You thump the orc!
You kill the orc!
The orc priest looks satisfied for a moment.
Items here: )) †† a +0 whip; a +0 club; an orc corpse; a hobgoblin corpse You closely miss the orc priest.
The orc priest mumbles some strange prayers to Beogh against you.
Beogh smites you! The orc priest barely misses you.
The orc priest completely misses you. The orc priest hits you.
You closely miss the orc priest.
The orc priest hits you but does no damage.
You block the orc priest's attack.
You hit the orc priest but do no damage.
The orc priest mumbles some strange prayers to Beogh against you.
Beogh smites you!
You die...

......)....# ######.....#
##.#.#.....# #......###.#
#..........# ###......###.#
#..........####.........##.#
#.......................##.#
#.#.....................##.#
#<....#.................##.#
#.....##.#.............###.#
...#..
#.#......@#########.## ....
#.#......oo..........#
#.#################o.# ...#
...# ....#


g.oo# o....# #.# You could see 2 orc priests.

Vanquished Creatures
  An adder (D:2)
  2 oozes
  3 worms
  2 dart slugs
  5 orcs (D:3)
  2 giant cockroaches (D:2)
  5 goblins
  6 hobgoblins
  6 jackals (D:2)
  6 kobolds
  2 quokkas
  5 bats
  5 frilled lizards
  6 rats
56 creatures vanquished.

Notes
Turn   | Place    | Note
-------+----------+-------------------------------------------
     0 | D:1      | Faels the Demonspawn Fighter began the quest for the Orb.
     0 | D:1      | Reached XP level 1. HP: 18/18 MP: 1/1
    93 | D:1      | Reached skill level 2 in Maces & Flails
   495 | D:1      | Gained mutation: You have sharp fingernails. [demonic
                  | ancestry]
   495 | D:1      | Reached XP level 2. HP: 21/24 MP: 2/2
   662 | D:1      | Reached skill level 1 in Dodging
  1082 | D:2      | Gained mutation: You have very sharp fingernails. [demonic
                  | ancestry]
  1082 | D:2      | Reached XP level 3. HP: 27/29 MP: 3/3
  1085 | D:2      | Reached skill level 3 in Maces & Flails
  1404 | D:2      | Found a glowing golden altar of the Shining One.
  2143 | D:2      | Found a hide-covered altar of Uskayaw.
  2224 | D:2      | Gained mutation: You are partially covered in thin metallic
                  | scales. (AC +2) [demonic ancestry]
  2224 | D:2      | Reached XP level 4. HP: 16/35 MP: 4/4
  2649 | D:3      | Reached skill level 4 in Maces & Flails
  2752 | D:3      | Killed from afar by an orc priest

Levels and vault maps discovered:
D:1:      saegor_arrival_simple_e, layout_basic
D:2:      layout_basic, lemuel_coloured_pillars_altar, overflow_temple_1_default
D:3:      minmay_bubble_buster, layout_basic, lemuel_round_altar, uniq_sigmund

Skill      XL: |  1  2  3  4 |
---------------+-------------+-----
Maces & Flails | 2 3 4 |  4.0
Dodging        | 1 |  1.0
Fighting       | |  3.0
Armour         | |  2.6
Shields        | |  2.6

Action                   |  1- 3 |  4- 6 || total
-------------------------+-------+-------++-------
Melee: Flail             |   143 |    41 ||   184
  Use: Potion            |       |     1 ||     1
  Eat: Chunk             |     4 |     2 ||     6
Armor: Scale mail        |    89 |    13 ||   102
Dodge: Dodged            |    55 |    11 ||    66
Block: Kite shield       |    69 |    14 ||    83

Table legend:
 A = Non-vault XP
 B = Vault XP
 C = Vault XP percentage of total XP
 D = Non-vault monster count
 E = Vault monster count
 F = Vault count percentage of total count
                 A         B        C        D         E       F
            +---------+---------+-------+---------+---------+-------
      Total |     132 |       0 |   0.0 |      56 |       0 |   0.0
            +---------+---------+-------+---------+---------+-------
        D:1 |      36 |       0 |   0.0 |      19 |       0 |   0.0
        D:2 |      69 |       0 |   0.0 |      27 |       0 |   0.0
        D:3 |      27 |       0 |   0.0 |      10 |       0 |   0.0
            +---------+---------+-------+---------+---------+-------
